 Dungeon Crawl Stone Soup version 0.27.1-16-g815e20cd7a (webtiles) character file.

Game seed: 4162538315833804640

1937 DearestLeader the Fighter (level 9, 0/121 HPs)
             Began as a Gnoll Wanderer on Nov 22, 2021.
             Was a Priest of Okawaru.
             Succumbed to a hornet's poison
             ... on level 7 of the Dungeon.
             The game lasted 00:12:27 (7397 turns).

DearestLeader the Fighter (Gnoll Wanderer)          Turns: 7397, Time: 00:12:27

Health: 0/121      AC: 11    Str: 15    XL:     9   Next: 18%
Magic:  5/5        EV: 11    Int: 15    God:    Okawaru [***...]
Gold:   126        SH:  5    Dex: 11    Spells: 12/16 levels left

rFire    + + .     SeeInvis .   w - +2 war axe (antimagic)
rCold    + . .     Faith    .   (no shield)
rNeg     . . .     Spirit   .   a - +0 ring mail
rPois    +         Reflect  +   B - +2 helmet {Int+3}
rElec    +         Harm     .   (no cloak)
rCorr    +         Rampage  .   A - +0 pair of gloves
Will     +....                  G - +0 pair of boots
Stlth    ..........             l - amulet of reflection
HPRegen  0.30/turn              e - ring of protection from fire
MPRegen  0.09/turn              b - ring of willpower

@: berserking, lethally poisoned (0 -> -8), resistant, slowed
A: fangs 1, strong nose, distributed training
a: Renounce Religion, Heroism


You were on level 7 of the Dungeon.
You worshipped Okawaru.
Okawaru was most pleased with you.
You visited 2 branches of the dungeon, and saw 8 of its levels.

You collected 241 gold pieces.
You spent 115 gold pieces at shops.

Inventory:

Hand Weapons
 d - a +1 rapier of protection
 n - a +1 whip of venom
 w - a +2 antimagic war axe (weapon)
Missiles
 r - 6 javelins (quivered)
Armour
 a - a +0 ring mail (worn)
 m - a +0 leather armour
 v - a +0 kite shield
 A - a +0 pair of gloves (worn)
 B - a +2 helmet of intelligence (worn)
 G - a +0 pair of boots (worn)
Jewellery
 b - a ring of willpower (right hand)
 e - a ring of protection from fire (left hand)
 h - an amulet of faith
 l - an amulet of reflection (around neck)
 p - a ring of see invisible
 E - a ring of flight
Scrolls
 f - a scroll of enchant weapon {unknown}
 i - 2 scrolls of magic mapping {unknown}
 j - 2 scrolls of identify
 k - a scroll of silence
 s - 2 scrolls of enchant armour
 u - 3 scrolls of teleportation
 x - a scroll of torment {unknown}
 y - a scroll of blinking {unknown}
 F - a scroll of fog {unknown}
 I - a scroll of amnesia {unknown}
Potions
 g - a potion of degeneration
 o - 3 potions of ambrosia
 q - a potion of invisibility
 t - 2 potions of haste
 z - a potion of lignification
 H - a potion of flight {unknown}


   Skills:
 + Level 11.0 Fighting
 + Level 4.8 Short Blades
 + Level 4.0 Long Blades
 + Level 4.8 Axes
 + Level 4.0 Maces & Flails
 + Level 4.0 Polearms
 + Level 4.0 Staves
 + Level 4.0 Slings
 + Level 4.0 Bows
 + Level 4.0 Crossbows
 + Level 4.8 Throwing
 + Level 4.8 Armour
 + Level 4.0 Dodging
 + Level 4.0 Stealth
 + Level 4.0 Shields
 + Level 4.0 Unarmed Combat
 + Level 4.0 Spellcasting
 + Level 3.2 Conjurations
 + Level 3.2 Hexes
 + Level 3.2 Summonings
 + Level 3.2 Necromancy
 + Level 3.2 Translocations
 + Level 3.2 Transmutations
 + Level 3.2 Fire Magic
 + Level 3.2 Ice Magic
 + Level 3.2 Air Magic
 + Level 3.2 Earth Magic
 + Level 3.2 Poison Magic
 + Level 4.4 Invocations
 + Level 4.8 Evocations


You had 12 spell levels left.
You knew the following spells:

 Your Spells              Type           Power      Damage    Failure   Level
a - Blink                 Tloc           N/A        N/A       13%         2
b - Ensorcelled Hibernat  Hex/Ice        24%        N/A       13%         2

Your spell library contained the following spells:

 Spells                   Type           Power      Damage    Failure   Level
 Dazzling Flash           Conj/Hex       24%        N/A       26%         3
 Lesser Beckoning         Tloc           6%         N/A       26%         3
 Ozocubu's Armour         Ice            12%        N/A       26%         3
 Spider Form              Tmut/Pois      6%         N/A       26%         3
 Iskenderun's Mystic Bla  Conj/Tloc      12%        2d5       65%         4
 Manifold Assault         Tloc           12%        N/A       94%         5
 Shadow Creatures         Summ           N/A        N/A       100%        6
 Starburst                Conj/Fire      6%         6d4       100%        6
 Ozocubu's Refrigeration  Ice            6%         4d6       100%        7


Dungeon Overview and Level Annotations

Branches:
Dungeon (7/15)             Temple (1/1) D:4

Altars:
Ashenzari
Cheibriados
Dithmenos
Elyvilon
Fedhas
Hepliaklqana
Kikubaaqudgha
Makhleb
Nemelex Xobeh
Okawaru
Ru
Sif Muna
Trog
Vehumet
Wu Jian
Xom
Yredelemnul
The Shining One

Shops:
D:4 [!


Innate Abilities, Weirdness & Mutations

You have very sharp teeth.
Your uncanny sense of smell can sniff out nearby items.
Your experience applies equally to all skills.


Message History

The hornet is moderately wounded.
The hornet closely misses you. The hornet barely misses you.
You closely miss the hornet.
The hornet is moderately wounded.
You feel yourself speed up. The hornet barely misses you.
The hornet stings you!
* * * LOW HITPOINT WARNING * * *
You feel yourself slow down.
The hornet stings you but does no damage.
Unknown command.
You feel better. You block the hornet's attack. The hornet stings you.
* * * LOW HITPOINT WARNING * * *
You feel as though you will be slow longer.
It was a potion of resistance.
You feel protected.
You feel yourself speed up. The hornet barely misses you.
You block the hornet's attack. The hornet barely misses you.
It was a potion of berserk rage.
A red film seems to cover your vision as you go berserk!
You feel yourself moving faster!
You feel mighty! The hornet barely misses you.
You slash the hornet! Your bite misses the hornet.
The hornet is heavily wounded.
The hornet barely misses you. The hornet stings you.
* * * LOW HITPOINT WARNING * * *
You closely miss the hornet. You bite the hornet.
The hornet is severely wounded.
The hornet stings you.
* * * LOW HITPOINT WARNING * * *
You feel yourself slow down.
You slash the hornet!
The hornet is almost dead.
The hornet closely misses you. The hornet stings you.
* * * LOW HITPOINT WARNING * * *
You are lethally poisoned!
You feel as though you will be slow longer.
You slice the hornet!!
You kill the hornet!
Okawaru is honoured by your kill.
Okawaru will now gift you ammunition as you gain piety.
You die...

.. . .## ..# #.# #.# #.#
#. #@# #.## #.#
#..######### #.#
##...##.[... .######.#
##..........#
........####............
.######..........<......
##.................
##....###.......<...
##..#.## ##....#...##


There were no monsters in sight!

Vanquished Creatures
  A hornet (D:7)
  Sigmund (D:6)
  A wyvern (D:7)
  Eustachio (D:4)
  Duvessa (D:4)
  An orc warrior (D:6)
  An ice beast (D:6)
  A black bear (D:2)
  2 necrophages
  3 ogres
  Dowan (D:4)
  3 wights (D:6)
  2 jellies
  An orc priest (D:6)
  A centaur zombie (D:7)
  3 hounds
  3 iguanas
  A killer bee zombie (D:5)
  A hound skeleton (D:5)
  8 gnolls (D:2)
  4 adders
  An ufetubus (D:5)
  A worm (D:2)
  2 dart slugs (D:1)
  5 orcs
  5 ball pythons
  4 bats
  4 endoplasms
  3 giant cockroaches
  4 goblins
  3 hobgoblins
  4 quokkas
  6 frilled lizards
  8 kobolds
  9 rats
100 creatures vanquished.

Notes
Turn   | Place    | Note
-------+----------+-------------------------------------------
     0 | D:1      | Reached skill level 10 in Fighting
     0 | D:1      | DearestLeader the Gnoll Wanderer began the quest for the
                  | Orb.
     0 | D:1      | DearestLeader set off with the following items: a +2 short
                  | sword, a +0 hand axe, a potion of curing, a +0 robe
     0 | D:1      | Reached XP level 1. HP: 28/28 MP: 1/1
   301 | D:1      | Reached XP level 2. HP: 23/36 MP: 2/2
  1228 | D:2      | Reached XP level 3. HP: 42/42 MP: 3/3
  1306 | D:2      | Noticed a black bear
  1587 | D:2      | Reached skill level 1 in Invocations
  1750 | D:3      | Reached skill level 1 in Long Blades
  1750 | D:3      | Reached skill level 1 in Maces & Flails
  1750 | D:3      | Reached skill level 1 in Polearms
  1750 | D:3      | Reached skill level 1 in Staves
  1750 | D:3      | Reached skill level 1 in Slings
  1750 | D:3      | Reached skill level 1 in Bows
  1750 | D:3      | Reached skill level 1 in Crossbows
  1750 | D:3      | Reached skill level 1 in Dodging
  1750 | D:3      | Reached skill level 1 in Stealth
  1750 | D:3      | Reached skill level 1 in Shields
  1750 | D:3      | Reached skill level 1 in Unarmed Combat
  1750 | D:3      | Reached skill level 1 in Spellcasting
  2030 | D:3      | Reached XP level 4. HP: 48/48 MP: 5/5
  2081 | D:3      | Found a white marble altar of Elyvilon.
  2311 | D:3      | Found a bloodstained altar of Trog.
  2702 | D:2      | Killed a black bear
  2703 | D:2      | Reached skill level 1 in Conjurations
  2703 | D:2      | Reached skill level 1 in Hexes
  2703 | D:2      | Reached skill level 1 in Summonings
  2703 | D:2      | Reached skill level 1 in Necromancy
  2703 | D:2      | Reached skill level 1 in Translocations
  2703 | D:2      | Reached skill level 1 in Transmutations
  2703 | D:2      | Reached skill level 1 in Fire Magic
  2703 | D:2      | Reached skill level 1 in Ice Magic
  2703 | D:2      | Reached skill level 1 in Air Magic
  2703 | D:2      | Reached skill level 1 in Earth Magic
  2703 | D:2      | Reached skill level 1 in Poison Magic
  2703 | D:2      | Reached XP level 5. HP: 50/54 MP: 5/7
  3348 | D:2      | Reached XP level 6. HP: 33/61 MP: 8/8
  3493 | D:2      | Learned a level 2 spell: Blink
  3496 | D:2      | Learned a level 2 spell: Ensorcelled Hibernation
  3664 | D:4      | Found Umoegian's Armour Shoppe.
  3683 | D:4      | Bought a +0 helmet of intelligence for 115 gold pieces
  3706 | D:4      | Noticed Eustachio
  3724 | D:4      | Killed Eustachio
  3883 | D:4      | Found Roof's Distillery.
  3944 | D:4      | Found a staircase to the Ecumenical Temple.
  3965 | Temple   | Entered the Ecumenical Temple
  4037 | Temple   | Became a worshipper of Warmaster Okawaru
  4084 | D:4      | Reached XP level 7. HP: 37/67 MP: 10/10
  4516 | D:4      | Noticed Dowan
  4516 | D:4      | Noticed Duvessa
  4528 | D:4      | Killed Duvessa
  4528 | D:4      | Reached * piety under Okawaru
  4536 | D:4      | Killed Dowan
  4918 | D:4      | Found an ornate altar of the Wu Jian Council.
  4980 | D:5      | Entered Level 5 of the Dungeon
  5458 | D:5      | Reached XP level 8. HP: 72/74 MP: 4/12
  5817 | D:6      | Noticed Sigmund
  5835 | D:6      | Killed Sigmund
  5989 | D:6      | Found an ancient bone altar of Kikubaaqudgha.
  5993 | D:6      | Reached ** piety under Okawaru
  6550 | D:6      | Reached skill level 11 in Fighting
  6717 | D:6      | Found a shadowy altar of Dithmenos.
  6930 | D:6      | Reached XP level 9. HP: 68/81 MP: 4/14
  7372 | D:7      | Noticed a hornet
  7385 | D:7      | Paralysed by a hornet for 2 turns
  7396 | D:7      | HP: 3/121 [hornet (4)]
  7397 | D:7      | Killed a hornet
  7397 | D:7      | Reached *** piety under Okawaru
  7397 | D:7      | Succumbed to a hornet's poison

Illustrated notes

Levels and vault maps discovered:
D:1:      dpeg_arrival_water_temple_mockup, layout_basic, minmay_close_crescents
D:2:      layout_loops_ring, nrook_uturn
D:3:      layout_basic, trog_antimagical, lemuel_coloured_pillars_altar
D:4:      layout_basic, nzn_wu_jian_council_hall, temple_statues, serial_shops,
          shop, shop, st_stairs_14, uniq_duvessa, uniq_eustachio
D:5:      layout_loops_ring, dk_vineyard_2
D:6:      layout_rooms, mainiacjoe_overflow_brackets,
          mainiacjoe_overflow_six_doors_small, uniq_sigmund
D:7:      minmay_angry_zag, layout_rooms, solitary_fountain, uniq_joseph,
          uniq_crazy_yiuf_cottage
Temple:   nicolae_temple_god_jail

Skill      XL: |  1  2  3  4  5  6  7  8  9 |
---------------+----------------------------+-----
Fighting       | 11 | 11.0
Invocations    | 1 2 3 4 |  4.4
Long Blades    | 1 2 3 4 |  4.0
Maces & Flails | 1 2 3 4 |  4.0
Polearms       | 1 2 3 4 |  4.0
Staves         | 1 2 3 4 |  4.0
Slings         | 1 2 3 4 |  4.0
Bows           | 1 2 3 4 |  4.0
Crossbows      | 1 2 3 4 |  4.0
Dodging        | 1 2 3 4 |  4.0
Stealth        | 1 2 3 4 |  4.0
Shields        | 1 2 3 4 |  4.0
Unarmed Combat | 1 2 3 4 |  4.0
Spellcasting   | 1 2 3 4 |  4.0
Short Blades   | 3 4 |  4.8
Axes           | 3 4 |  4.8
Throwing       | 3 4 |  4.8
Armour         | 3 4 |  4.8
Conjurations   | 1 2 3 |  3.2
Hexes          | 1 2 3 |  3.2
Summonings     | 1 2 3 |  3.2
Necromancy     | 1 2 3 |  3.2
Translocations | 1 2 3 |  3.2
Transmutations | 1 2 3 |  3.2
Fire Magic     | 1 2 3 |  3.2
Ice Magic      | 1 2 3 |  3.2
Air Magic      | 1 2 3 |  3.2
Earth Magic    | 1 2 3 |  3.2
Poison Magic   | 1 2 3 |  3.2
Evocations     | 3 4 |  4.8

Action                   |  1- 3 |  4- 6 |  7- 9 || total
-------------------------+-------+-------+-------++-------
Melee: Short sword       |    66 |       |       ||    66
       Bite              |     8 |     7 |    18 ||    33
       Whip              |    41 |   110 |    22 ||   173
       War axe           |       |     3 |   165 ||   168
       Punch             |       |       |     1 ||     1
Throw: Javelin           |       |     1 |       ||     1
  Use: Scroll            |       |     9 |       ||     9
       Potion            |       |     1 |     4 ||     5
 Stab: Sleeping          |       |     2 |     1 ||     3
Armor: Robe              |    10 |       |       ||    10
       Leather armour    |     5 |    23 |       ||    28
       Ring mail         |       |     3 |    68 ||    71
Dodge: Dodged            |    64 |    59 |   119 ||   242
Block: Other             |    13 |    32 |    52 ||    97
